 Dungeon Crawl Stone Soup version 0.24.0-35-gdb84b6a5db (webtiles) character file.

Game seed: 7336639904349076931, levelgen mode: deterministic

262855 Flugslaktarn the Warrior (level 19, -4/271 HPs)
             Began as a Minotaur Fighter on Nov 18, 2019.
             Was the Champion of Makhleb.
             Killed by the air
             ... invoked by a titan
              (14 damage)
             ... on level 5 of the Vaults.
             The game lasted 00:23:03 (26041 turns).

Flugslaktarn the Warrior (Minotaur Fighter)        Turns: 26041, Time: 00:23:04

Health: -4/271     AC: 27    Str: 41    XL:     19   Next: 23%
Magic:  29/29      EV: 13    Int:  5    God:    Makhleb [******]
Gold:   1171       SH: 23    Dex: 10    Spells: 18/18 levels left

rFire    . . .     SeeInvis +   F - +9 broad axe (freeze)
rCold    . . .     Gourm    .   C - +0 large shield
rNeg     . . .     Faith    +   J - +8 chain mail of Giegievo {-Cast rPois MR+++ Str+7}
rPois    +         Spirit   .   (helmet restricted)
rElec    .         Reflect  .   u - +0 cloak
rCorr    .         Harm     .   V - +2 pair of gloves {archery}
MR       +++++     NoCast   +   (no boots)
Stlth    ..........             f - amulet of faith
HPRegen  0.55/turn              i - ring of see invisible
MPRegen  0.21/turn              v - +3 ring of evasion

@: berserking, heavily drained, very quick
A: retaliatory headbutt, horns 2, camouflage 1, magic resistance 1
}: 2/15 runes: decaying, serpentine
a: Minor Destruction, Lesser Servant of Makhleb, Major Destruction, Greater
Servant of Makhleb, Renounce Religion


You were on level 5 of the Vaults.
You worshipped Makhleb.
Makhleb was exalted by your worship.
You were very hungry.

You visited 6 branches of the dungeon, and saw 32 of its levels.

You collected 2255 gold pieces.
You spent 1084 gold pieces at shops.

Inventory:

Hand Weapons
 F - a +9 broad axe of freezing (weapon)
   (You took it off an orc warrior on level 9 of the Dungeon)
 W - a +5 vampiric broad axe
   (You took it off a death knight on level 4 of the Vaults)
Missiles
 Q - 2 throwing nets (quivered)
Armour
 u - a +0 cloak (worn)
   (You found it on level 4 of the Dungeon)
 C - a +0 large shield (worn)
   (You took it off a naga warrior on level 1 of the Snake Pit)
 E - the +0 scale mail "Veafadug" {rElec MR+ Str+3 Slay+3}
   (You found it on level 8 of the Dungeon)

   It affects your strength (+3).
   It affects your accuracy and damage with ranged weapons and melee attacks
   (+3).
   It insulates you from electricity.
   It affects your resistance to hostile enchantments.
 J - the +8 chain mail of Giegievo (worn) {-Cast rPois MR+++ Str+7}
   (You found it on level 4 of the Lair of Beasts)

   It affects your strength (+7).
   It protects you from poison.
   It affects your resistance to hostile enchantments.
   It prevents spellcasting.
 V - a +2 pair of gloves of archery (worn)
   (You found it on level 2 of the Vaults)
Jewellery
 f - an amulet of faith (around neck)
   (You found it on level 3 of the Dungeon)
 i - a ring of see invisible (left hand)
   (You found it on level 3 of the Dungeon)
 o - an uncursed ring of poison resistance
   (You found it on level 1 of the Swamp)
 p - a +2 ring of protection
   (You took it off a vault warden on level 2 of the Vaults)
 v - a +3 ring of evasion (right hand)
   (You bought it in a shop on level 12 of the Dungeon)
 S - an uncursed ring of fire
   (You found it on level 4 of the Snake Pit)
Wands
 a - a wand of acid (15)
   (You found it on level 6 of the Dungeon)
 c - a wand of digging (10)
   (You took it off Joseph on level 9 of the Dungeon)
 K - a wand of scattershot (4)
   (You found it on level 3 of the Swamp)
 L - a wand of paralysis (4)
   (You found it on level 6 of the Lair of Beasts)
 T - a wand of iceblast (9)
   (You found it on level 13 of the Dungeon)
Scrolls
 g - 2 scrolls of silence
 k - 7 scrolls of magic mapping
 l - 17 scrolls of remove curse
 r - 2 scrolls of identify
 t - 6 scrolls of teleportation
 x - a scroll of enchant weapon
 y - 5 scrolls of enchant armour
 z - a scroll of blinking
 D - 2 scrolls of holy word
 G - 7 scrolls of fear
 H - 2 scrolls of immolation
 P - a scroll of vulnerability
 R - 2 scrolls of fog
 U - a scroll of brand weapon
Potions
 b - a potion of magic
 d - 5 potions of might
 h - 2 potions of haste
 m - 4 potions of mutation
 n - 2 potions of flight
 q - 13 potions of curing
 s - 3 potions of agility
 B - 6 potions of lignification
 I - a potion of brilliance
 M - 4 potions of ambrosia
 O - a potion of invisibility {unknown}
Comestibles
 e - 34 rations


   Skills:
 + Level 18.6(16.0) Fighting
 - Level 18.0(15.4) Axes
 + Level 18.5(15.9) Armour
 + Level 8.3(6.3) Dodging
 + Level 16.0(13.6) Shields
 - Level 15.0(12.6) Invocations
 - Level 6.0(4.0) Evocations


You had 18 spell levels left.
You didn't know any spells.
Your spell library was empty.

Dungeon Overview and Level Annotations

Branches:
Dungeon (13/15)            Temple (1/1) D:5            Lair (6/6) D:9
  Swamp (4/4) Lair:3        Snake (4/4) Lair:2        Slime (0/5) Lair:6
    Orc (0/2) D:9          Vaults (5/5) D:13
  Crypt: Vaults:2-3

Altars:
Ashenzari
Cheibriados
Dithmenos
Elyvilon
Fedhas
Gozag
Hepliaklqana
Kikubaaqudgha
Makhleb
Nemelex Xobeh
Okawaru
Qazlal
Ru
Sif Muna
Trog
Uskayaw
Vehumet
Wu Jian
Xom
Yredelemnul
Zin
The Shining One
Jiyva

Shops:
D:8 }   D:11 *   D:12 ??=   Snake:3 :   Snake:4 %   Vaults:4 ?

Annotations:
D:5 2 transporters


Innate Abilities, Weirdness & Mutations

You reflexively headbutt those who attack you in melee.
You have a pair of horns on your head.
Your skin changes colour to match your surroundings (Stealth+).
You are resistant to hostile enchantments. (MR+)


Message History

The ancient lich is moderately damaged.
You block the ancient lich's attack.
A red film seems to cover your vision as you go berserk!
You feel yourself moving faster!
You feel mighty!
A vault warden comes into view. It is wielding a +1 war axe.
A storm dragon comes into view.
The stone giant throws a large rock.
You block the large rock. The ancient lich closely misses you.
The vault warden shouts!
You hit the ancient lich but do no damage.
Your headbutt misses the ancient lich.
The ancient lich is moderately damaged.
You hear a shout!
The storm dragon breathes lightning at you.
The bolt of lightning hits the titan.
The titan completely resists.
The bolt of lightning hits you!!
* * * LOW HITPOINT WARNING * * *
The titan waves its arms in wide circles.
The air twists around and strikes you!
You die...

...# ##. ....pp.pc...
..D.##.......#.c..#...
#......##..p#c.?.# ..
#.C..# ##L.#..G.# #
#....## #..#....#
##.....##...# #
..###..........# . #
.........C.(L.#
..#####
.........###@.#
....... ........##
##..# ....)..
........# ...# .......
........# ..## .......
......... .## .......
......... .# #..#####
..#'#.... .. #.. #..#
# .##.##..C. .. #..
#..+ # #... #..# #


You could see a titan, an ancient lich, a storm dragon, a stone giant, a vault
warden and a lich.

Vanquished Creatures
  An ancient lich (Vaults:5)
  the Lernaean hydra (Swamp:4)
  A golden dragon (Vaults:5)
  A lich (Vaults:4)
  2 tentacled monstrosities
  2 titans (Vaults:5)
  2 sphinxes (Vaults:5)
  A tengu reaver (Vaults:5)
  3 shadow dragons (Vaults:5)
  6 nagarajas
  A fire giant (Vaults:5)
  A frost giant (Vaults:5)
  9 vault wardens
  Aizul (Snake:4)
  2 very ugly things (Vaults:4)
  2 stone giants
  7 ironheart preservers
  3 entropy weavers
  Nessos (D:13)
  2 deep elf demonologists
  A dire elephant (Lair:6)
  4 ettins (Vaults:4)
  A fire dragon (Vaults:4)
  11 hydras
  A yaktaur captain (Vaults:5)
  A deep elf high priest (Vaults:5)
  Harold (D:8)
  6 ogre magi
  A great orb of eyes (Vaults:5)
  A rakshasa (Vaults:2)
  11 vault guards
  12 naga warriors
  An ice dragon (Vaults:4)
  6 anacondas
  2 catoblepae
  3 centaur warriors
  2 shambling mangroves
  2 death knights (Vaults:4)
  6 alligators
  A ghost crab (Swamp:2)
  Erica (D:8)
  18 two-headed ogres
  10 death yaks
  A queen ant (Lair:6)
  A deep troll shaman (Lair:6)
  23 naga sharpshooters
  3 shock serpents
  9 deep elf knights
  A hell knight (Vaults:5)
  3 shadow wraiths
  2 unseen horrors
  2 deep trolls (Vaults:5)
  2 flayed ghosts (Vaults:4)
  5 deep elf archers
  12 swamp dragons
  7 naga ritualists
  7 ironbrand convokers
  5 necromancers
  5 orc knights
  A wolf spider (Vaults:4)
  A wolf spider zombie (D:13)
  An orc sorcerer (Vaults:4)
  A frost giant zombie (Vaults:4)
  6 deep elf magi
  5 mana vipers
  A fire giant zombie (Vaults:4)
  10 ugly things
  7 salamanders
  2 cyclopes (D:11)
  A stone giant zombie (Vaults:4)
  9 elephants
  Maurice (D:13)
  19 black mambas
  Joseph (D:9)
  3 guardian serpents
  Psyche (D:9)
  A gargoyle (D:13)
  11 vault sentinels
  21 naga magi
  11 spiny frogs
  A yaktaur zombie (Vaults:4)
  3 rime drakes (Lair:5)
  9 komodo dragons
  7 freezing wraiths
  The ghost of coffeespoons the Slinger, a novice HaHu of Ashenzari (D:6)
  17 yaktaurs
  4 trolls
  5 tyrant leeches
  A polar bear (Lair:3)
  8 hornets (Swamp:4)
  A tengu simulacrum (Vaults:4)
  12 dream sheep
  19 blink frogs
  5 bog bodies
  A stone giant simulacrum (Vaults:4)
  7 hippogriffs
  A hippogriff (shapeshifter) (Vaults:5)
  A frost giant simulacrum (Vaults:1)
  12 slime creatures
  2 redbacks (Vaults:4)
  4 spriggans (Swamp:4)
  A vampire (D:13)
  2 wraiths (Vaults:4)
  45 yaks
  A hungry ghost (D:12)
  19 humans (D:13)
  Eustachio (D:6)
  A basilisk (Lair:4)
  A vampire mosquito (Swamp:2)
  6 insubstantial wisps
  36 nagas
  2 acid dragons (Vaults:1)
  A soldier ant (shapeshifter) (Vaults:1)
  4 swamp worms
  A warg (Vaults:2)
  8 porcupines
  9 water moccasins
  Purgy (D:3)
  24 soldier ants (Lair:6)
  Duvessa (D:7)
  10 swamp drakes
  4 ice beasts
  4 black bears
  An elf zombie (Vaults:4)
  16 orc warriors
  A phantom (D:7)
  4 sky beasts
  An eye of draining (D:13)
  2 necrophages
  8 wolves
  9 ogres
  6 centaurs
  7 crocodiles
  A big kobold (D:9)
  A human zombie (Vaults:4)
  A big kobold (shapeshifter) (Vaults:4)
  17 bullfrogs
  Blork the orc (D:5)
  A gnoll sergeant (D:9)
  A wyvern zombie (D:7)
  Dowan (D:7)
  A deep troll simulacrum (Vaults:4)
  2 scorpions
  4 killer bees (D:7)
  4 wights
  3 howler monkeys
  3 crimson imps
  2 centaur zombies
  A bullfrog zombie (D:12)
  5 hounds
  2 quasits
  6 orc priests
  A gnoll shaman (D:6)
  10 orc wizards
  4 bullfrog skeletons
  2 iguanas
  25 worker ants
  3 hound zombies
  A howler monkey zombie (D:5)
  10 gnolls
  11 adders
  A howler monkey skeleton (D:9)
  3 shadow imps
  3 worms
  9 dart slugs
  4 leopard geckos
  36 orcs
  4 ball pythons
  5 bats
  6 giant cockroaches
  6 goblins
  6 hobgoblins
  14 jackals
  12 kobolds
  3 quokkas
  3 frilled lizards
  A jackal skeleton (D:6)
  20 rats
  2 fungi (Lair:6)
  4 plants
978 creatures vanquished.

Vanquished Creatures (collateral kills)
  3 hydras
  A naga sharpshooter (Snake:4)
  A naga mage (Snake:4)
  A blink frog (Lair:6)
6 creatures vanquished.

Vanquished Creatures (others)
  A vault guard (D:13)
  A swamp dragon (Swamp:4)
  A tyrant leech (Swamp:4)
  A naga (Snake:2)
  4 fungi
  10 plants
18 creatures vanquished.

Grand Total: 1002 creatures vanquished

Notes
Turn   | Place    | Note
-------+----------+-------------------------------------------
     0 | D:1      | Flugslaktarn the Minotaur Fighter began the quest for the
                  | Orb.
     0 | D:1      | Reached XP level 1. HP: 19/19 MP: 0/0
    52 | D:1      | Reached XP level 2. HP: 27/27 MP: 1/1
   458 | D:2      | Reached XP level 3. HP: 33/33 MP: 2/2
   564 | D:2      | Reached XP level 4. HP: 40/40 MP: 3/3
  1171 | D:3      | Noticed Purgy
  1186 | D:3      | Killed Purgy
  1186 | D:3      | Reached XP level 5. HP: 18/47 MP: 4/4
  1488 | D:3      | Reached skill level 5 in Axes
  1715 | D:3      | Reached XP level 6. HP: 38/55 MP: 5/5
  1841 | D:3      | Reached skill level 5 in Armour
  2297 | D:4      | Reached skill level 5 in Fighting
  2297 | D:4      | Reached skill level 5 in Shields
  2768 | D:5      | Entered Level 5 of the Dungeon
  3004 | D:5      | Found a transporter.
  3025 | D:5      | Found a transporter.
  3062 | D:5      | Reached XP level 7. HP: 53/61 MP: 6/6
  3113 | D:5      | Found a staircase to the Ecumenical Temple.
  3131 | D:5      | Found a blossoming altar of Fedhas.
  3131 | D:5      | Noticed Blork the orc
  3135 | D:5      | Killed Blork the orc
  3160 | Temple   | Entered the Ecumenical Temple
  3350 | Temple   | Became a worshipper of Makhleb the Destroyer
  3752 | D:6      | Found a white marble altar of Elyvilon.
  3911 | D:6      | Noticed Eustachio
  3937 | D:6      | Killed Eustachio
  3937 | D:6      | Reached skill level 1 in Invocations
  4070 | D:6      | Reached XP level 8. HP: 44/70 MP: 6/8
  4106 | D:6      | Noticed a two-headed ogre
  4110 | D:6      | Reached * piety under Makhleb
  4163 | D:6      | Killed a two-headed ogre
  4163 | D:6      | Reached XP level 9. HP: 40/79 MP: 8/10
  4501 | D:6      | Found a runed translucent door.
  4528 | D:6      | Noticed coffeespoons's ghost (novice HaHu)
  4979 | D:6      | Killed coffeespoons's ghost
  5278 | D:6      | Found a shimmering blue altar of Sif Muna.
  5376 | D:7      | Found a bloodstained altar of Trog.
  5380 | D:7      | Found an iron altar of Okawaru.
  5380 | D:7      | Found an opulent altar of Gozag.
  5380 | D:7      | Found a hide-covered altar of Uskayaw.
  5485 | D:7      | Noticed Duvessa
  5486 | D:7      | Noticed Dowan
  5491 | D:7      | Killed Duvessa
  5493 | D:7      | Killed Dowan
  5519 | D:7      | Found a hazy altar of Hepliaklqana.
  5758 | D:7      | Found a basalt altar of Yredelemnul.
  5768 | D:7      | Reached skill level 10 in Axes
  5812 | D:7      | Found a shadowy altar of Dithmenos.
  6014 | D:8      | Noticed Erica
  6027 | D:8      | Reached ** piety under Makhleb
  6030 | D:8      | Killed Erica
  6030 | D:8      | Reached XP level 10. HP: 63/88 MP: 12/12
  6332 | D:8      | Noticed a two-headed ogre
  6338 | D:8      | Killed a two-headed ogre
  6338 | D:8      | Reached skill level 5 in Invocations
  6344 | D:8      | Got a translucent scale mail
  6355 | D:8      | Identified the +0 scale mail "Veafadug" {rElec MR+ Str+3
                  | Slay+3} (You found it on level 8 of the Dungeon)
  6479 | D:8      | Noticed Harold
  6484 | D:8      | Found a shimmering altar of Xom.
  6489 | D:8      | Killed Harold
  6752 | D:8      | Found Dinecs's Gadget Boutique.
  7011 | D:9      | Noticed a two-headed ogre
  7018 | D:9      | Reached *** piety under Makhleb
  7027 | D:9      | Killed a two-headed ogre
  7027 | D:9      | Reached skill level 1 in Evocations
  7192 | D:9      | Noticed a death yak
  7194 | D:9      | Found a staircase to the Lair.
  7194 | D:9      | Noticed a death yak
  7194 | D:9      | Noticed a two-headed ogre
  7198 | D:9      | Noticed a death yak
  7211 | D:9      | Killed a death yak
  7211 | D:9      | Reached XP level 11. HP: 84/97 MP: 14/14
  7221 | D:9      | Killed a death yak
  7230 | D:9      | Killed a death yak
  7236 | D:9      | Killed a two-headed ogre
  7250 | D:9      | Reached **** piety under Makhleb
  7398 | D:9      | Noticed Joseph
  7412 | D:9      | Killed Joseph
  7503 | D:9      | Noticed Psyche
  7510 | D:9      | Killed Psyche
  7574 | D:9      | Found a staircase to the Orcish Mines.
  7721 | D:9      | Gained mutation: Your skin changes colour to match your
                  | surroundings (Stealth+). [potion of mutation]
  7721 | D:9      | Gained mutation: You are resistant to hostile enchantments.
                  | (MR+) [potion of mutation]
  7777 | Lair:1   | Entered Level 1 of the Lair of Beasts
  7788 | Lair:1   | Reached skill level 10 in Fighting
  7811 | Lair:1   | Reached skill level 10 in Armour
  7831 | Lair:1   | Reached skill level 10 in Shields
  7841 | Lair:1   | Reached ***** piety under Makhleb
  7967 | Lair:1   | Reached XP level 12. HP: 88/106 MP: 16/16
  8735 | Lair:2   | Found a staircase to the Snake Pit.
  9315 | Lair:2   | Identified a scroll of acquirement
  9318 | Lair:2   | Found the +8 Wrath of Trog {antimagic, *Rage}
 10062 | Lair:3   | Found a staircase to the Swamp.
 10658 | Lair:4   | Noticed a six-headed hydra
 10668 | Lair:4   | Killed a six-headed hydra
 10668 | Lair:4   | Reached skill level 5 in Evocations
 11127 | Lair:5   | Noticed a catoblepas
 11129 | Lair:5   | Noticed a death yak
 11295 | Lair:4   | Got a heavily runed chain mail
 11306 | Lair:4   | Identified the +8 chain mail of Giegievo {-Cast rPois MR+++
                  | Str+7} (You found it on level 4 of the Lair of Beasts)
 11419 | Lair:5   | Killed a catoblepas
 11436 | Lair:5   | Killed a death yak
 11533 | Lair:5   | Reached XP level 13. HP: 116/116 MP: 18/18
 11643 | Lair:5   | Reached skill level 15 in Axes
 12214 | Lair:6   | Entered Level 6 of the Lair of Beasts
 12228 | Lair:6   | Noticed an entropy weaver
 12231 | Lair:6   | Noticed an entropy weaver
 12237 | Lair:6   | Reached ****** piety under Makhleb
 12486 | Lair:6   | Found a viscous altar of Jiyva.
 12486 | Lair:6   | Found a staircase to the Slime Pits.
 12717 | Lair:5   | Killed an entropy weaver
 13275 | Lair:6   | Reached XP level 14. HP: 95/127 MP: 20/20
 13443 | Lair:6   | Killed an entropy weaver
 13916 | Swamp:1  | Entered Level 1 of the Swamp
 14050 | Swamp:2  | Reached skill level 10 in Invocations
 14853 | Swamp:4  | Entered Level 4 of the Swamp
 15610 | Swamp:4  | Noticed the 27-headed Lernaean hydra
 15908 | Swamp:4  | Killed the 27-headed Lernaean hydra
 15908 | Swamp:4  | Reached XP level 15. HP: 137/137 MP: 22/22
 16171 | Swamp:4  | Got a decaying rune of Zot
 16368 | Snake:1  | Entered Level 1 of the Snake Pit
 17692 | Snake:2  | Noticed a nagaraja
 17703 | Snake:2  | Killed a nagaraja
 18906 | Snake:3  | Reached skill level 15 in Fighting
 18907 | Snake:3  | Reached skill level 15 in Armour
 19166 | Snake:3  | Found Soaneh's Book Shop.
 19207 | Snake:3  | Reached XP level 16. HP: 149/149 MP: 24/24
 19234 | Snake:4  | Entered Level 4 of the Snake Pit
 19303 | Snake:4  | Noticed Aizul
 19314 | Snake:4  | Killed Aizul
 19459 | Snake:4  | Found Asoshisk's Food Shop.
 19929 | Snake:4  | Noticed an Executioner
 21482 | Snake:4  | Got a serpentine rune of Zot
 21725 | D:10     | Entered Level 10 of the Dungeon
 21907 | D:11     | Found Zimpiank's General Store.
 21915 | D:11     | Bought a scroll of fear for 63 gold pieces
 21915 | D:11     | Bought a scroll of teleportation for 54 gold pieces
 21915 | D:11     | Bought a potion of haste for 180 gold pieces
 22176 | D:12     | Found Pieghah's Magic Scroll Emporium.
 22177 | D:12     | Found Sel Piamnacs's Magic Scroll Emporium.
 22215 | D:12     | Bought a scroll of magic mapping for 49 gold pieces
 22215 | D:12     | Bought a scroll of fog for 28 gold pieces
 22215 | D:12     | Bought a scroll of teleportation for 42 gold pieces
 22215 | D:12     | Bought a scroll of identify for 28 gold pieces
 22233 | D:12     | Bought a scroll of enchant weapon for 120 gold pieces
 22233 | D:12     | Bought a scroll of enchant armour for 120 gold pieces
 22351 | D:12     | Found Rarch's Jewellery Emporium.
 22357 | D:12     | Bought a +3 ring of evasion for 273 gold pieces
 22811 | D:13     | Noticed Maurice
 22816 | D:13     | Killed Maurice
 22928 | D:13     | Reached XP level 17. HP: 159/159 MP: 26/26
 23058 | D:13     | Noticed Nessos
 23071 | D:13     | Killed Nessos
 23154 | D:13     | Identified the +8 war axe "Icsen" {chop, rElec rC+} (You
                  | found it on level 13 of the Dungeon)
 23232 | D:13     | Found a gate to the Vaults.
 23267 | Vaults:1 | Entered Level 1 of the Vaults
 23891 | Vaults:2 | Noticed a tentacled monstrosity
 23902 | Vaults:2 | Killed a tentacled monstrosity
 24050 | Vaults:2 | You fall into a shaft and drop 2 floors!
 24100 | Vaults:4 | Reached skill level 1 in Dodging
 24609 | Vaults:4 | Noticed a lich
 24615 | Vaults:4 | Killed a lich
 24615 | Vaults:4 | Reached XP level 18. HP: 170/170 MP: 27/27
 24766 | Vaults:4 | Reached skill level 5 in Dodging
 24905 | Vaults:4 | Found Muxim's Magic Scroll Emporium.
 24910 | Vaults:4 | Bought a scroll of enchant weapon for 127 gold pieces
 24952 | Vaults:4 | Reached skill level 15 in Shields
 25580 | Vaults:5 | Entered Level 5 of the Vaults
 25580 | Vaults:5 | Noticed a lich
 25580 | Vaults:5 | Noticed a lich
 25647 | Vaults:5 | Noticed an Ice Fiend
 25649 | Vaults:5 | Noticed a Tzitzimitl
 25730 | Vaults:5 | Reached skill level 15 in Invocations
 25907 | Vaults:5 | Noticed a tentacled monstrosity
 25915 | Vaults:5 | Killed a tentacled monstrosity
 25953 | Vaults:5 | Noticed an ancient lich
 25981 | Vaults:5 | Noticed a Tzitzimitl
 25982 | Vaults:5 | Killed an ancient lich
 25982 | Vaults:5 | Reached XP level 19. HP: 180/180 MP: 29/29
 25982 | Vaults:5 | Noticed a golden dragon
 25993 | Vaults:5 | Killed a golden dragon
 26034 | Vaults:5 | Noticed an ancient lich
 26041 | Vaults:5 | HP: 10/271 [storm dragon/bolt of lightning (27)]
 26041 | Vaults:5 | Killed from afar by a titan

Levels and vault maps discovered:
D:1:      erik_arrival_orb_chamber, layout_rooms
D:2:      layout_loops_ring
D:3:      layout_loops_corners, first_ration, st_stairs_6,
          corexii_item_surrounded_by_moat, uniq_purgy
D:4:      layout_basic
D:5:      gammafunk_steamed_eel, layout_basic, minmay_temple_entry_junction,
          fedhas_altar_fruit_tree, uniq_blork_the_orc
D:6:      wad_guarded_room, layout_basic, elyvilon_altar_5, marbit_many_paths,
          ebering_ghost_reflecting_pool, uniq_eustachio
D:7:      layout_rooms, overflow_temple_1_default, yredelemnul_altar_generic,
          kennysheep_mini_moat, grunt_temple_overflow_open, uniq_duvessa
D:8:      layout_basic, tgw_xom, serial_shops, shop, uniq_harold, uniq_erica
D:9:      layout_rooms, dpeg_lair_monsters, orc_0_dummy, uniq_joseph,
          uniq_psyche
D:10:     layout_layer_cave, gammafunk_ghost_arena, serial_shops, shop
D:11:     layout_irregular_city, serial_shops, shop, serial_ice, serial_ice_b,
          serial_ice_e, serial_ice_o, serial_ice_n, david_nohive_1
D:12:     layout_basic, serial_shops, shop, shop, shop_scrolls
D:13:     layout_roguey, grunt_vaults_entry_tiered, minmay_misc_feat_five,
          uniq_nessos, uniq_maurice
Temple:   minmay_temple_bridge_abc
Lair:1:   layout_small_grid, serial_bayou_shore_b
Lair:2:   layout_chaotic_city, guppyfry_snake_entry_island
Lair:3:   layout_regular_city, swamp_mist_pool
Lair:4:   layout_hall_layers
Lair:5:   layout_hall_layers, nicolae_lair_yak_garden
Lair:6:   grunt_lair_end_beastmaster, layout_loops_ring, slime_altar_1,
          zaba_anthell, grunt_megastairs_1, infiniplex_staircase_pool_2
Swamp:1:  cheibrodos_swamp_monstrosity, layout_basic_swamp,
          evilmike_swamp_ruin_house_4, swamp_pool3
Swamp:2:  layout_basic_swamp, nicolae_swamp_rocky_clearing
Swamp:3:  layout_falls_marsh, evilmike_swamp_ruin_rubble_1
Swamp:4:  swamp_old_school, layout_basic_swamp
Snake:1:  layout_basic, lemuel_fruit_tree
Snake:2:  layout_onion, gammafunk_ghost_cemetery
Snake:3:  layout_basic, serial_shops, nicolae_shop_crystal, serial_bayou_shore_b
Snake:4:  snake_pit, layout_chambers, serial_shops,
          nicolae_shop_window_shopping, uniq_aizul
Vaults:1: vaults_standard_mumra_lines, v_pattern_2, nicolae_vaults_asterisk,
          vaults_dpeg_hooks, ontoclasm_vaults_eye, nicolae_vaults_shelves_hall,
          ontoclasm_vaults_pinch, nicolae_vaults_murderbox,
          nicolae_vaults_asterisk, ontoclasm_vaults_gateway,
          layout_vaults_omnigrid
Vaults:2: hangedman_vaults_variations, minmay_crypt_entry_simple_statues,
          st_more_cells, vaults_room_grunt_arrival_checkpoint,
          nicolae_vaults_circle_grid_a, v_misc_28, hangedman_vaults_hat,
          vaults_mumra_chevron_long, hangedman_vaults_maws, grunt_vaults_focal,
          ontoclasm_vaults_tryst, vaults_room_door_ring, grunt_vaults_bifocal,
          hangedman_vaults_trim, grunt_vaults_hallway_short,
          nicolae_vaults_little_squares_3, nicolae_vaults_specimen_jars,
          layout_vaults_omnicross, uniq_margery, uniq_boris
Vaults:4: v_alt_pattern_2, nicolae_vaults_ninety_degrees,
          hangedman_vaults_corner, hangedman_vaults_restitches, v_misc_16,
          hangedman_vaults_slice, grunt_vaults_funnel, vaults_dpeg_doors,
          nicolae_vaults_c_with_doors, layout_vaults_maze, serial_shops, shop
Vaults:5

Skill      XL: |  1  2  3  4  5  6  7  8  9 10 11 12 13 14 15 16 17 18 19 |
---------------+----------------------------------------------------------+-----
Axes           | 3 4 5 6 7 8 10 12 13 14 16 17 18 | 18.0
Shields        | 4 5 6 8 9 10 11 13 14 15 16 | 16.0
Fighting       | 4 5 6 7 8 9 10 11 12 13 15 16 17 18 | 18.6
Armour         | 4 5 6 7 8 9 10 11 12 13 15 16 17 18 | 18.5
Invocations    | 1 3 4 6 7 8 9 10 12 13 14 15 | 15.0
Evocations     | 1 3 5 6 |  6.0
Dodging        | 4 7 8 |  8.3

Action                   |  1- 3 |  4- 6 |  7- 9 | 10-12 | 13-15 | 16-18 | 19-21 || total
-------------------------+-------+-------+-------+-------+-------+-------+-------++-------
Melee: War axe           |    65 |   141 |   216 |   408 |   377 |       |       ||  1207
       Headbutt          |    11 |    25 |    37 |   111 |   217 |   309 |    15 ||   725
       Battleaxe         |       |       |       |    20 |       |       |       ||    20
       Broad axe         |       |       |       |       |   476 |  1093 |    48 ||  1617
Invok: Lesser Servant of |       |       |       |     3 |     7 |       |       ||    10
       Greater Servant o |       |       |       |       |     1 |     3 |       ||     4
Evoke: Wand              |       |       |       |     4 |     8 |     3 |     2 ||    17
  Use: Potion            |       |       |     5 |     1 |     1 |    10 |     3 ||    20
       Scroll            |       |       |     4 |    15 |    19 |    21 |     1 ||    60
 Stab: Invisible         |       |       |       |     1 |       |       |       ||     1
       Petrifying        |       |       |       |     1 |       |       |       ||     1
       Paralysed         |       |       |       |       |     2 |       |       ||     2
       Distracted        |       |       |       |       |       |     1 |       ||     1
  Eat: Chunk             |       |     7 |     5 |    19 |    13 |    14 |       ||    58
       Ration            |       |       |     1 |       |     4 |     2 |       ||     7
Armor: Scale mail        |    29 |    65 |       |    89 |       |       |       ||   183
       Chain mail        |       |    27 |   115 |    22 |   490 |   306 |    30 ||   990
       Skin              |       |       |     9 |       |       |       |       ||     9
Dodge: Dodged            |    15 |    48 |    60 |   118 |   232 |   195 |    13 ||   681
Block: Shield            |    36 |    76 |   128 |   252 |   515 |       |       ||  1007
       Large shield      |       |       |       |       |    98 |   999 |    65 ||  1162
